 Dungeon Crawl Stone Soup version 0.27.1 (webtiles) character file.

Game seed: 12639883026876453880

92 VictoriousLee the Cudgeller (level 4, -6/28 HPs)
             Began as a Gargoyle Fighter on Aug 29, 2021.
             Killed by divine providence
             ... invoked by an orc priest
              (17 damage)
             ... on level 3 of the Dungeon.
             The game lasted 00:04:23 (1927 turns).

VictoriousLee the Cudgeller (Gargoyle Fighter)      Turns: 1927, Time: 00:04:25

Health: -6/28      AC: 11    Str: 19    XL:     4   Next: 60%
Magic:  4/4        EV:  7    Int: 10    God:
Gold:   63         SH:  9    Dex:  9    Spells: 3/3 levels left

rFire    . . .     SeeInvis .   a - +0 flail
rCold    . . .     Faith    .   c - +0 kite shield
rNeg     + . .     Spirit   .   b - +0 scale mail
rPois    ∞         Reflect  .   (no helmet)
rElec    +         Harm     .   (no cloak)
rCorr    .         Rampage  .   l - +0 pair of gloves
Will     .....                  (no boots)
Stlth    ..........             (no amulet)
HPRegen  0.09/turn              (no ring)
MPRegen  0.09/turn              (no ring)

@: no status effects
A: sickness immunity, AC +3, negative energy resistance 1, electricity
resistance, torment resistance 1, petrification resistance
a: no special abilities


You were on level 3 of the Dungeon.
You visited 1 branch of the dungeon, and saw 3 of its levels.

You collected 63 gold pieces.

Inventory:

Hand Weapons
 a - a +0 flail (weapon)
 g - a +1 vampiric short sword
 r - a +0 war axe
 s - a +1 dagger of freezing
Missiles
 e - 26 bolts
 k - 16 arrows
 m - 78 stones (quivered)
Armour
 b - a +0 scale mail (worn)
 c - a +0 kite shield (worn)
 h - a +0 ring mail
 l - a +0 pair of gloves (worn)
Scrolls
 f - 2 scrolls of noise {unknown}
 i - 2 scrolls of summoning {unknown}
 n - a scroll of blinking {unknown}
 o - a scroll of amnesia {unknown}
 p - 2 scrolls of enchant armour {unknown}
 q - a scroll of enchant weapon {unknown}
Potions
 d - 2 potions of might
 j - a potion of degeneration {unknown}
 t - a potion of flight {unknown}


   Skills:
 - Level 3.2 Fighting
 + Level 4.7 Maces & Flails
 - Level 3.2 Armour
 - Level 3.2 Shields


You had 3 spell levels left.
You didn't know any spells.
Your spell library contained the following spells:

 Spells                   Type           Power      Damage    Failure   Level
 Stone Arrow              Conj/Erth      0%         3d7       100%        3
 Bolt of Magma            Conj/Fire/Erth 0%         4d4       100%        5
 Shatter                  Erth           0%         3d5*      100%        9


Dungeon Overview and Level Annotations

Branches:
Dungeon (3/15)

Altars:


Innate Abilities, Weirdness & Mutations

You are immune to sickness and miasma.
Your stone body is resilient. (AC +3)
You are immune to poison.
You resist negative energy. (rN+)
You are resistant to electric shocks. (rElec)
You are resistant to unholy torment.
You are immune to petrification.


Message History

The ball python barely misses you.
You sock the ball python!
You kill the ball python!
No target in view!
No target in view!
Things that are here:
a +1 dagger of freezing; a goblin corpse
s - a +1 dagger of freezing An adder comes into view.
The adder hisses angrily.
The adder bites you.
You sock the adder!
You kill the adder!
No target in view!
No target in view!
No target in view!
A goblin comes into view. It is wielding a +0 dagger.
The goblin hits you with a +0 dagger.
You barely miss the goblin. You block the goblin's attack.
You closely miss the goblin. You block the goblin's attack.
You hit the goblin.
You kill the goblin!
Okay, then.
Found a glowing black potion.
Things that are here:
a +0 dagger; a goblin corpse
Found 19 bolts.
t - a glowing black potion 2 orcs and an orc priest come into view.
The orc shouts! x2; The orc priest shouts!
The orc priest moves out of view.
The orc priest calls down the wrath of Beogh upon you.
Beogh smites you!
You hit the orc.
The orc is lightly wounded.
The orc hits you with a +0 mace.
The orc priest mumbles some strange prayers to Beogh against you.
Beogh smites you!
Ouch! That really hurt!
You die...

.....#...### ..# #.# #.#
.....#...## .#######.###.##
............ #...........#
..).......... ..####.##...#
.......####.. #.. ..##...#
#............ #o# ## #...#
#.......... .. #.#######.).####
#.###...###..#(##o##.............
#.. ...........@o.....##..######
#.. ......................# ##..
.....###.......####.## #.##.####
#.# #. #.. ..# .. #### ### ##


You could see an orc priest and 2 orcs.

Vanquished Creatures
  3 adders (D:3)
  A worm (D:2)
  3 endoplasms
  8 goblins
  6 hobgoblins
  7 jackals (D:2)
  A quokka (D:3)
  4 ball pythons
  5 bats
  2 frilled lizards
  8 kobolds
  9 rats
57 creatures vanquished.

Notes
Turn   | Place    | Note
-------+----------+-------------------------------------------
     0 | D:1      | VictoriousLee the Gargoyle Fighter began the quest for the
                  | Orb.
     0 | D:1      | Reached XP level 1. HP: 14/14 MP: 1/1
    82 | D:1      | Reached XP level 2. HP: 12/19 MP: 2/2
   242 | D:1      | Reached skill level 3 in Maces & Flails
   625 | D:1      | Reached XP level 3. HP: 23/23 MP: 3/3
  1022 | D:2      | Found a faded altar of an unknown god.
  1353 | D:2      | Reached skill level 4 in Maces & Flails
  1639 | D:3      | Reached XP level 4. HP: 22/28 MP: 4/4
  1927 | D:3      | Killed from afar by an orc priest

Illustrated notes

Levels and vault maps discovered:
D:1:      mrwooster_arrival_statue, layout_loops_ring
D:2:      layout_loops_ring, ebering_ecumenical_altar_hall
D:3:      layout_loops_ring, minmay_fractal_squares_gapless_5

Skill      XL: |  1  2  3 |
---------------+----------+-----
Maces & Flails | 3 4 |  4.7
Fighting       | |  3.2
Armour         | |  3.2
Shields        | |  3.2

Action                   |  1- 3 |  4- 6 || total
-------------------------+-------+-------++-------
Melee: Flail             |   146 |    25 ||   171
Armor: Scale mail        |    78 |    11 ||    89
Dodge: Dodged            |    49 |     6 ||    55
Block: Kite shield       |    79 |    16 ||    95
